AoeStats
← Ux'Combita

African Clearing

512816924Analyzed
4v4 RM · 9d ago on Oct 11, 2026· 56m 48s· 8 players
Game mode
Random Map
Map size
Large (8 player)
Population
200
Speed
Normal
Resources
Standard
Victory
Conquest
Starting age
Dark Age
Ending age
Imperial Age
RankedLock teamsTeams togetherTeam positionsShared explorationLock speedFull tech treeHidden civsTurbo modeCheats
Victory
Defeat
🇺🇸 Goths · United States
1899
+7
🇨🇳 Mapuche · China
1834
+9
🇬🇧 Burgundians · United Kingdom
1771
+11
🇦🇷 Bengalis · Argentina
1732
+12
vs
🇲🇽 Inca · Mexico
1728
-12
🇲🇽 Wei · Mexico
1689
-11
🇲🇽 Khitans · Mexico
1618
-8
🇲🇽 Slavs · Mexico
1616
-8
FYI Inc
3:08 Loom
12:50 Feudal Age
13:23 Town Watch
13:01 Man-at-Arms
15:02 Double-Bit Axe
23:50 Wheelbarrow
25:10 Fletching
31:04 Horse Collar
31:14 Gold Mining
33:41 Castle Age
34:39 Bow Saw
34:29 Heavy Plow
36:50 Scale Mail Armor
37:01 Forging
36:52 Squires
37:46 Chain Mail Armor
38:06 Anarchy
39:22 Iron Casting
40:19 Pikeman
43:41 Bodkin Arrow
44:39 Hand Cart
48:40 Imperial Age
45:33 Long Swordsman
50:20 Blast Furnace
48:42 Elite Huskarl
49:58 Perfusion
55:11 Two-Man Saw
57:51 Crop Rotation
Wolfgangus
12:21 Feudal Age
12:56 Loom
16:13 Castle Age
15:39 Double-Bit Axe
15:35 Horse Collar
17:31 Bow Saw
20:25 Wheelbarrow
19:35 Town Watch
23:33 Fletching
24:23 Forging
25:40 Iron Casting
26:21 Fletching
31:05 Ballistics
30:42 Bodkin Arrow
30:48 Padded Archer Armor
35:02 Imperial Age
33:34 Scale Barding Armor
33:47 Gold Mining
34:49 Chain Barding Armor
35:57 Leather Archer Armor
35:45 Bracer
37:15 Hand Cart
37:47 Conscription
37:47 Husbandry
41:47 Ring Archer Armor
43:27 Chemistry
44:25 Elite Elephant Archer
46:16 Bloodlines
48:18 Sanctity
48:15 Block Printing
48:13 Fervor
49:00 Coinage
49:32 Siege Elephant
54:19 Redemption
54:25 Murder Holes
o35.PuLsE
9:28 Loom
12:05 Feudal Age
12:01 Double-Bit Axe
16:50 Horse Collar
17:20 Bow Saw
28:40 Castle Age
28:50 Cavalier
30:19 Scale Barding Armor
31:20 Wheelbarrow
30:58 Heavy Plow
31:33 Chain Barding Armor
32:02 Heavy Plow
32:09 Heavy Plow
33:29 Forging
34:10 Husbandry
36:25 Two-Man Saw
37:18 Hand Cart
40:59 Gold Mining
41:00 Stone Mining
45:43 Fletching
46:46 Town Watch
49:53 Bodkin Arrow
51:43 Iron Casting
58:29 Imperial Age
冥想控
11:37 Loom
13:31 Feudal Age
17:47 Castle Age
16:13 Double-Bit Axe
17:07 Fletching
18:32 Bodkin Arrow
25:38 Ballistics
27:35 Town Watch
31:18 Wheelbarrow
33:15 Padded Archer Armor
37:28 Leather Archer Armor
38:07 Hand Cart
40:16 Bow Saw
39:50 Horse Collar
42:09 Pikeman
42:36 Champi Runner
43:24 Scale Mail Armor
43:21 Champi Warrior
46:34 Chain Mail Armor
47:44 Forging
51:43 Malon
55:24 Imperial Age
53:32 Iron Casting
53:22 Arson
54:50 Gold Mining
55:01 Heavy Plow
55:34 Elite Champi Warrior
56:45 Plate Mail Armor
57:40 Blast Furnace
56:07 Capped Ram
57:45 Gold Shaft Mining
57:01 Stone Mining
Tiburoncin UAA
7:48 Loom
10:23 Feudal Age
11:27 Double-Bit Axe
20:29 Castle Age
20:13 Bloodlines
20:37 Scale Barding Armor
22:34 Bow Saw
23:25 Horse Collar
26:06 Wheelbarrow
29:52 Forging
29:58 Husbandry
32:02 Hand Cart
31:32 Town Watch
36:48 Imperial Age
36:13 Chain Barding Armor
36:50 Heavy Plow
37:11 Cavalier
38:28 Plate Barding Armor
38:29 Iron Casting
41:37 Blast Furnace
41:53 Pikeman
42:33 Squires
42:36 Scale Mail Armor
43:54 Conscription
43:46 Halberdier
47:40 Two-Man Saw
46:57 Chain Mail Armor
47:05 Detinets
49:16 Heavy Scorpion
51:45 Chemistry
52:49 Ballistics
54:46 Druzhina
Ux'Combita
10:33 Loom
12:28 Feudal Age
16:30 Castle Age
14:43 Double-Bit Axe
15:31 Domestication
20:53 Scale Barding Armor
24:24 Chain Barding Armor
24:32 Husbandry
27:22 Town Watch
32:09 Wheelbarrow
35:10 Hand Cart
36:28 Town Patrol
37:26 Forging
38:11 Fletching
41:02 Imperial Age
42:21 Iron Casting
42:11 Gold Mining
42:34 Bow Saw
42:16 Stone Mining
42:27 Pastoralism
41:57 Heavy Camel Rider
44:10 Plate Barding Armor
50:59 Conscription
53:23 Plate Barding Armor
55:42 Bodkin Arrow
Ux'Uzzi
11:09 Feudal Age
11:39 Double-Bit Axe
12:34 Loom
53:26 Castle Age
Ux´Combito
12:48 Feudal Age
13:03 Feudal Age
11:50 Loom
16:58 Castle Age
15:02 Double-Bit Axe
16:28 Gold Mining
17:48 Fletching
18:23 Bow Saw
23:25 Ballistics
30:51 Wheelbarrow
30:13 Bodkin Arrow
31:53 Padded Archer Armor
32:52 Hand Cart
32:48 Horse Collar
36:46 Stone Mining
39:40 Imperial Age
37:35 Town Watch
38:43 Stone Shaft Mining
38:09 Heavy Plow
37:32 Elite Skirmisher
38:32 Leather Archer Armor
40:04 Stone Shaft Mining
40:04 Gold Shaft Mining
40:04 Stone Shaft Mining
40:04 Gold Shaft Mining
40:26 Bracer
41:31 Chemistry
42:07 Scale Mail Armor
42:19 Forging
42:22 Man-at-Arms
43:03 Squires
43:19 Chain Mail Armor
43:07 Long Swordsman
44:23 Iron Casting
44:15 Two-Handed Swordsman
47:44 Thumb Ring
48:08 Parthian Tactics
50:34 Blast Furnace
51:45 Ring Archer Armor
52:39 Town Patrol
54:17 Bloodlines
54:07 Husbandry
Connection lost

Rejoining the realm…

Still unreachable

The connection could not be restored.

Session expired

The server has moved on; the page needs a fresh start.